 Dungeon Crawl Stone Soup version 0.31-a0-750-gfe7b580527 (webtiles) character file.

Game seed: 13711351413322932220

8868 Babbit the Geomancer (level 11, -15/59 HPs)
             Began as a Gargoyle Earth Elementalist on Sept 14, 2023.
             Was an Elder of Vehumet.
             Killed from afar by a fire dragon (27 damage)
             ... with a blast of flame
             ... on level 10 of the Dungeon.
             The game lasted 01:28:29 (10554 turns).

Babbit the Geomancer (Gargoyle Earth Elementalist) Turns: 10554, Time: 01:28:30

Health: -15/59     AC: 14    Str: 17    XL:     11   Next: 37%
Magic:  3/26       EV: 12    Int: 21    God:    Vehumet [****..]
Gold:   556        SH:  0    Dex: 10    Spells: 20/32 levels left

rFire   . . .        o - +2 sling (flame)
rCold   . . .        (no shield)
rNeg    + . .        a - +0 robe
rPois   ∞            m - +0 helmet
rElec   +            e - +0 cloak
rCorr   .            t - +0 pair of gloves
SInv    .            E - +0 pair of boots
Will    .....        (no amulet)
Stlth   ++           G - +6 ring of strength
HPRegen 0.29/turn    (no ring)
MPRegen 0.20/turn

%: no passive effects
@: very slightly contaminated
A: sickness immunity, AC +8, negative energy resistance 1, electricity
resistance, torment resistance 1, petrification resistance
a: Renounce Religion


You were on level 10 of the Dungeon.
You worshipped Vehumet.
Vehumet was greatly pleased with you.
You visited 2 branches of the dungeon, and saw 11 of its levels.
You also visited: Bailey.

You collected 556 gold pieces.

Inventory:

Hand Weapons
 o - a +2 sling of flaming (weapon)
 C - a +4 spear of flaming
Missiles
 I - a throwing net
Armour
 a - a +0 robe (worn)
 e - a +0 cloak (worn)
 m - a +0 helmet (worn)
 t - a +0 pair of gloves (worn)
 E - a +0 pair of boots (worn)
Magical Staves
 l - the staff "Onauju" {rF+ Str+4 Fire}
   (You found it on level 2 of the Dungeon)

   [staff of fire]

   Base accuracy: +5 Base damage: 5 Base attack delay: 1.2 This weapon's minimum
   attack delay (0.6) is reached at skill level 12.
   Str+4:     It affects your strength (+4).
   rF+:       It protects you from fire.
   Fire:      It increases the power of your Fire spells.
   It falls into the 'Staves' category.
   It is a one-handed weapon.
Jewellery
 G - a +6 ring of strength (left hand)
Wands
 w - a wand of acid (22)
 A - a wand of flame (19)
 H - a wand of paralysis (11)
 L - a wand of polymorph (5)
Scrolls
 d - 2 scrolls of teleportation
 g - 3 scrolls of poison {unknown}
 j - 2 scrolls of fog
 k - a scroll of brand weapon {unknown}
 n - a scroll of summoning {unknown}
 p - a scroll of silence {unknown}
 q - a scroll of vulnerability {unknown}
 s - a scroll of blinking
 u - 2 scrolls of revelation
 x - a scroll of amnesia {unknown}
 y - a scroll of immolation {unknown}
 z - a scroll of noise {unknown}
 J - a scroll of fear {unknown}
 K - 3 scrolls of enchant armour
Potions
 b - 3 potions of magic
 c - a potion of berserk rage {unknown}
 f - a potion of haste {unknown}
 h - 12 potions of curing
 i - 2 potions of heal wounds
 r - 2 potions of enlightenment
 v - a potion of invisibility {unknown}
 B - a potion of degeneration {unknown}
 D - 2 potions of resistance
 F - a potion of might {unknown}
 M - a potion of attraction {unknown}


   Skills:
 + Level 2.8 Fighting
 + Level 2.4 Ranged Weapons
 + Level 2.4 Dodging
 + Level 4.6 Stealth
 + Level 0.1 Unarmed Combat
 + Level 11.0 Spellcasting
 + Level 5.6 Conjurations
 + Level 0.7 Transmutations
 + Level 12.6 Earth Magic
 + Level 1.0 Evocations


You had 20 spell levels left.
You knew the following spells:

 Your Spells              Type           Power      Damage    Failure   Level
a - Sandblast             Erth           100%       2d20      1%          1
b - Passwall              Tmut/Erth      32%        N/A       1%          2
c - Stone Arrow           Conj/Erth      98%        3d13      1%          3
d - Static Discharge      Conj/Air       46%        2-4/arc   1%          2
e - Leda's Liquefaction   Hex/Erth       19%        N/A       4%          4

Your spell library contained the following spells:

 Spells                   Type           Power      Damage    Failure   Level
 Sticky Flame             Conj/Fire      23%        2d4       5%          4
 Momentum Strike          Conj/Tloc      46%        3d9       1%          2
 Scorch                   Fire           22%        2d5       2%          2
 Petrify                  Tmut/Erth      39%        N/A       3%          4
 Frozen Ramparts          Ice            22%        1d4       4%          3
 Flame Wave               Conj/Fire      23%        2d8       5%          4
 Necrotise                Necr           44%        1d6       6%          1
 Blink                    Tloc           22%        N/A       9%          2
 Lesser Beckoning         Tloc           22%        N/A       9%          2
 Call Canine Familiar     Summ           11%        N/A       17%         3
 Sigil of Binding         Hex            11%        N/A       17%         3
 Summon Guardian Golem    Hex/Summ       11%        N/A       17%         3
 Vampiric Draining        Necr           11%        2d6       17%         3
 Dimensional Bullseye     Hex/Tloc       5%         N/A       50%         4
 Orb of Destruction       Conj           17%        9d7       73%         7
 Agony                    Necr           11%        N/A       85%         5
 Metabolic Englaciation   Hex/Ice        5%         N/A       85%         5
 Spellforged Servitor     Conj/Summ      11%        N/A       97%         7
 Summon Cactus Giant      Summ           5%         N/A       100%        6


Dungeon Overview and Level Annotations

Branches:
Dungeon (10/15)            Temple (1/1) D:5            Lair (0/5) D:8
 Bailey (visited)
    Orc: D:9-12

Altars:
Ashenzari
Cheibriados
Elyvilon
Fedhas
Gozag
Hepliaklqana
Kikubaaqudgha
Makhleb
Nemelex Xobeh
Okawaru
Qazlal
Ru
Sif Muna
Trog
Uskayaw
Vehumet
Wu Jian
Xom
Yredelemnul
Zin
The Shining One

Shops:
D:4 (


Innate Abilities, Weirdness & Mutations

You are immune to sickness and miasma.
Your stone body is resilient. (AC +8)
You are immune to poison.
You resist negative energy. (rN+)
You are resistant to electric shocks. (rElec)
You are resistant to unholy torment.
You are immune to petrification.


Message History

Aiming: Stone Arrow (safe; 1% risk of failure)
Press: ? - help, Q - select action, (/) - cycle Shift-Dir - straight line, f/p - fire dragon
Aim: a fire dragon (heavily wounded, 82% to hit)
Okay, then.
You shoot a sling bullet.
The sling bullet hits the fire dragon but does no damage.
The fire dragon is heavily wounded.
The fire dragon barely misses you.
The fire dragon claws you but does no damage.
The fire dragon barely misses you. The fire dragon bites you.
* * * LOW HITPOINT WARNING * * *
The fire dragon closely misses you.
The fire dragon tramples you but does no damage.
Unknown command.
Casting: Leda's Liquefaction (dangerous; 4% risk of failure)
Press: ? - help, Q - select action, (/) - cycle Dir - look around, f - activate You miscast Leda's Liquefaction.
You are very lightly contaminated with residual magic.
You are caught in an explosion of flying shrapnel.
* * * LOW HITPOINT WARNING * * *
The fire dragon bites you.
* * * LOW HITPOINT WARNING * * *
The fire dragon claws you but does no damage.
The fire dragon tramples you but does no damage.
Aiming: Stone Arrow (safe; 1% risk of failure)
Press: ? - help, Q - select action, (/) - cycle Shift-Dir - straight line, f - fire dragon
Aim: a fire dragon (heavily wounded, 82% to hit)
The stone arrow hits the fire dragon.
The fire dragon is severely wounded.
The fire dragon misses you. The fire dragon claws you.
* * * LOW HITPOINT WARNING * * *
The fire dragon tramples you but does no damage.
Aiming: Stone Arrow (safe; 1% risk of failure)
Press: ? - help, Q - select action, (/) - cycle Shift-Dir - straight line, f/p - fire dragon
Aim: a fire dragon (heavily wounded, 82% to hit)
The stone arrow hits the fire dragon!
The fire dragon is severely wounded.
The fire dragon breathes flames at you. The blast of flame hits you!!
You die...

#.#### ##.######
### #....#####.#
#..####....# #..#
#.#### ##..# #.##
# ....####..# ##..
##....###.######
..... ######
#...)..#####......
######..@D........
#####........
###.....§ #...§S
##..S ##


You could see a fire dragon (catching breath).

Vanquished Creatures
  A rime drake (D:8)
  Psyche (D:8)
  Prince Ribbit (D:7)
  A hornet (D:10)
  A shadow (D:10)
  12 yaks
  A steam dragon (D:8)
  An acid dragon (D:9)
  3 water moccasins
  11 orc warriors (Bailey)
  5 ice beasts
  3 sky beasts
  An ogre (D:3)
  12 centaurs
  A wolf (D:8)
  A phantom (D:5)
  3 kobold brigands (D:8)
  3 gnoll sergeants
  2 bullfrogs
  5 scorpions
  3 wights (D:6)
  12 killer bees
  4 howler monkeys
  2 hounds
  2 orc priests
  A jelly (D:7)
  2 sleepcaps (D:6)
  4 iguanas
  13 orc wizards
  5 adders
  17 gnolls
  3 shadow imps
  3 worms
  A dart slug (D:4)
  53 orcs
  4 bats
  5 endoplasms
  2 giant cockroaches
  7 goblins
  8 hobgoblins
  15 jackals
  3 quokkas
  11 ball pythons
  2 frilled lizards
  10 kobolds
  6 rats
267 creatures vanquished.

Vanquished Creatures (others)
  A human (D:4)
  An orc wizard (D:7)
2 creatures vanquished.

Grand Total: 269 creatures vanquished

Notes
Turn   | Place    | Note
-------+----------+-------------------------------------------
     0 | D:1      | Babbit the Gargoyle Earth Elementalist began the quest for
                  | the Orb.
     0 | D:1      | Reached XP level 1. HP: 10/10 MP: 3/3
   187 | D:1      | Reached XP level 2. HP: 15/15 MP: 3/5
   262 | D:1      | Reached skill level 4 in Earth Magic
   499 | D:1      | Reached XP level 3. HP: 15/19 MP: 1/6
  1275 | D:2      | Identified the staff "Onauju" {rF+ Str+4 Fire}
  1340 | D:2      | Reached XP level 4. HP: 23/24 MP: 2/8
  2119 | D:3      | Noticed an ogre
  2134 | D:3      | Killed an ogre
  2135 | D:3      | Reached skill level 5 in Earth Magic
  2135 | D:3      | Reached XP level 5. HP: 28/28 MP: 5/11
  2636 | D:4      | Found Qiawny's Weapon Shop.
  2687 | D:4      | Found an ancient bone altar of Kikubaaqudgha.
  2688 | D:4      | Noticed a human
  2690 | D:4      | Killed a human
  2734 | D:4      | Reached XP level 6. HP: 17/32 MP: 4/12
  3230 | D:5      | Entered Level 5 of the Dungeon
  3405 | D:5      | Reached skill level 1 in Fighting
  3463 | D:5      | Found a staircase to the Ecumenical Temple.
  3473 | Temple   | Entered the Ecumenical Temple
  3477 | Temple   | Became a worshipper of Vehumet
  3505 | D:5      | Reached skill level 5 in Spellcasting
  3505 | D:5      | Reached skill level 6 in Earth Magic
  3505 | D:5      | Reached XP level 7. HP: 29/38 MP: 7/14
  3827 | D:5      | Learned a level 2 spell: Passwall
  3831 | D:5      | Learned a level 3 spell: Stone Arrow
  4265 | D:6      | Reached XP level 8. HP: 43/43 MP: 10/17
  4387 | D:6      | Reached skill level 7 in Earth Magic
  4682 | D:6      | Reached * piety under Vehumet
  4682 | D:6      | Offered knowledge of Kiss of Death by Vehumet.
  4842 | D:6      | Reached skill level 1 in Conjurations
  5142 | D:6      | Reached skill level 8 in Earth Magic
  5257 | D:6      | Found a broken altar of Ashenzari.
  5374 | D:6      | Found a basalt altar of Yredelemnul.
  5378 | D:6      | Reached XP level 9. HP: 47/47 MP: 13/20
  5835 | D:7      | Found an iron altar of Okawaru.
  6018 | D:7      | Reached ** piety under Vehumet
  6019 | D:7      | Reached skill level 9 in Earth Magic
  6122 | D:7      | Offered knowledge of Static Discharge by Vehumet.
  6126 | D:7      | Learned a level 2 spell: Static Discharge
  6319 | D:7      | Noticed Prince Ribbit
  6321 | D:7      | Killed Prince Ribbit
  6610 | D:8      | Noticed a rime drake
  6618 | D:8      | Killed a rime drake
  6720 | D:8      | Reached skill level 10 in Earth Magic
  6726 | D:8      | Reached XP level 10. HP: 44/52 MP: 0/23
  7021 | D:8      | Found a staircase to the Lair.
  7122 | D:8      | Offered knowledge of Dazzling Flash by Vehumet.
  7251 | D:8      | Noticed Psyche
  7256 | D:8      | Killed Psyche
  7257 | D:8      | Reached skill level 11 in Earth Magic
  7771 | D:9      | Found a flagged portal.
  7789 | Bailey   | Entered a bailey
  7802 | Bailey   | Reached skill level 1 in Ranged Weapons
  7843 | Bailey   | Reached *** piety under Vehumet
  8159 | Bailey   | Reached skill level 10 in Spellcasting
  8164 | Bailey   | Reached skill level 1 in Evocations
  8545 | Bailey   | Offered knowledge of Iskenderun's Mystic Blast by Vehumet.
  8966 | D:9      | Reached skill level 12 in Earth Magic
  8975 | D:9      | Reached skill level 5 in Conjurations
  8990 | D:9      | Reached XP level 11. HP: 59/59 MP: 22/25
  9191 | D:9      | Found a white marble altar of Elyvilon.
  9683 | D:10     | Entered Level 10 of the Dungeon
  9831 | D:10     | Reached **** piety under Vehumet
  9910 | D:10     | Offered knowledge of Sticky Flame by Vehumet.
 10386 | D:10     | Learned a level 4 spell: Leda's Liquefaction
 10517 | D:10     | Noticed a fire dragon
 10549 | D:10     | HP: 1/59 [fire dragon/blast of flame (23)]
 10554 | D:10     | Killed from afar by a fire dragon

Illustrated notes

Levels and vault maps discovered:
D:1:      minmay_arrival_checkered_box, layout_loops_ring,
          grunt_decor_mini_mirrors, serial_park_tiny_2
D:2:      layout_basic, serial_curves, eino_curves_04, eino_curves_01
D:3:      layout_loops_ring, minmay_cut_off
D:4:      layout_rooms, tgw_kikubaaqudgha, nicolae_stop_n_shop_1
D:5:      layout_cave_pools, temple_statues, minivault_14
D:6:      layout_loops_ring, minitemple
D:7:      layout_loops_ring, okawaru_ov_weapons_minmay, uniq_prince_ribbit1
D:8:      layout_basic, hellmonk_lair_entry_icy, minmay_misc_feat_four_crosses,
          minmay_bent, uniq_psyche
D:9:      layout_basic, mainiacjoe_overflow_six_doors_small, enter_bailey_6
D:10:     dragon1_lemuel, layout_loops_ring, grunt_dithmenos_smoke_and_mirrors
Temple:   nicolae_temple_x_marks_the_god

Skill      XL: |  1  2  3  4  5  6  7  8  9 10 11 |
---------------+----------------------------------+-----
Earth Magic    | 4 5 6 8 10 12 | 12.6
Spellcasting   | 4 5 6 7 9 10 11 | 11.0
Stealth        | 3 4 |  4.6
Fighting       | 1 2 |  2.8
Conjurations   | 2 3 5 |  5.6
Dodging        | 2 |  2.4
Ranged Weapons | 1 2 |  2.4
Evocations     | 1 |  1.0
Unarmed Combat | |  0.1
Transmutations | |  0.7

Action                     |  1- 3 |  4- 6 |  7- 9 | 10-12 || total
---------------------------+-------+-------+-------+-------++-------
  Melee: Unarmed           |     3 |       |       |       ||     3
         Staff             |       |       |    10 |     2 ||    12
   Fire: Sling             |       |       |       |    67 ||    67
   Cast: Sandblast         |    52 |    82 |    64 |   104 ||   302
         Stone Arrow       |       |       |    66 |    89 ||   155
         Static Discharge  |       |       |       |     1 ||     1
  Evoke: Wand              |       |       |     3 |    12 ||    15
    Use: Scroll            |     1 |       |     5 |     5 ||    11
         Potion            |       |       |     1 |     1 ||     2
 Armour: Robe              |    12 |    13 |    47 |   104 ||   176
         Skin              |       |       |       |    22 ||    22
  Dodge: Dodged            |    12 |    17 |    24 |    80 ||   133

Table legend: (Time is in decaauts)
 A = Elapsed time spent in this place.
 B = Non-inter-level travel time spent in this place.
 C = Inter-level travel time spent in this place.
 D = Time resting spent in this place.
 E = Time spent auto-exploring this place.
 F = Levels seen in this place.
 G = Mean time per level.
                   A        B        C        D        E       F      G
               +--------+--------+--------+--------+--------+-----+--------+
         Total |  10739 |  10498 |    241 |   2897 |   5273 |  12 |  894.9 |
       Dungeon |   9528 |   9287 |    241 |   2399 |   5124 |  10 |  952.8 |
        Temple |      8 |      8 |      0 |      0 |      0 |   1 |    8.0 |
        Bailey |   1201 |   1201 |      0 |    498 |    148 |   1 | 1201.0 |
               +--------+--------+--------+--------+--------+-----+--------+

Top non-repeatable levels by time:
     D:6: 1311 daAuts
     D:8: 1237 daAuts
  Bailey: 1201 daAuts
     D:1: 1090 daAuts
     D:5: 1003 daAuts
     D:7: 890 daAuts
    D:10: 886 daAuts
     D:2: 875 daAuts
     D:9: 788 daAuts
     D:4: 731 daAuts
     D:3: 712 daAuts
  Temple: 8 daAuts
